 Dungeon Crawl Stone Soup version 0.20.0-15-g7f486f2 (webtiles) character file.

298 Darkell the Sneak (level 6, -1/38 HPs)
             Began as a Kobold Assassin on June 15, 2017.
             Succumbed to Sigmund's poison
             ... on level 4 of the Dungeon.
             The game lasted 00:04:34 (3466 turns).

Darkell the Sneak (Kobold Assassin)                 Turns: 3466, Time: 00:04:35

Health: -1/38      AC:  6    Str: 16    XL:     6   Next: 62%
Magic:  6/6        EV: 16    Int: 17    God:
Gold:   256        SH:  4    Dex: 16    Spells: 5/5 levels left

rFire    . . .     SeeInvis .   s - +1 dagger (venom)
rCold    . . .     Gourm    .   (shield restricted)
rNeg     . . .     Faith    .   c - +0 robe
rPois    .         Spirit   .   (no helmet)
rElec    .         Reflect  +   d - +0 cloak
rCorr    .         Harm     .   p - +2 pair of gloves
MR       .....                  (no boots)
Stlth    +++.......             k - +4 amulet of reflection
Regen    0.2/turn               (no ring)
MPRegen  0.1/turn               (no ring)

@: mighty, brilliant, lethally poisoned (-1 -> -26)
A: carnivore 3
a: no special abilities


You were on level 4 of the Dungeon.
You were full.

You visited 1 branch of the dungeon, and saw 4 of its levels.

You collected 256 gold pieces.

Inventory:

Hand Weapons
 a - a +2 dagger
 b - a +0 blowgun
 s - a +1 dagger of venom (weapon)
Missiles
 e - 7 poisoned needles
 m - 2 curare-tipped needles
Armour
 c - a +0 robe (worn)
 d - a +0 cloak (worn)
 o - cursed +0 storm dragon scales
 p - a +2 pair of gloves (worn)
Jewellery
 k - a +4 amulet of reflection (around neck)
Scrolls
 i - 3 scrolls of remove curse {unknown}
 j - a scroll of teleportation {unknown}
 l - a scroll of enchant armour {unknown}
 t - a scroll of amnesia {unknown}
 u - 4 scrolls of identify {unknown}
 v - 3 scrolls of magic mapping {unknown}
 w - a scroll of fog {unknown}
Potions
 h - a potion of might
 r - a potion of magic {unknown}
Comestibles
 g - 3 meat rations
 n - a royal jelly


   Skills:
 + Level 4.0 Fighting
 + Level 4.9 Short Blades
 + Level 4.0 Throwing
 + Level 3.7 Dodging
 - Level 5.3 Stealth


You had 5 spell levels left.
You didn't know any spells.

Dungeon Overview and Level Annotations

Branches:
Dungeon (4/15)
 Temple: D:4-7

Altars:
Ashenzari
Ru
Xom
The Shining One

Annotations:
D:4 2 transporters, Sigmund


Innate Abilities, Weirdness & Mutations

You are small and have problems with some larger weapons.
You are carnivorous and can eat meat at any time.


Message History

You miss something. You hit something.
You feel sick. Something hits you.
You are more poisoned.
You hit something.
You feel sick.
You feel sick. Something hits you!
* * * LOW HITPOINT WARNING * * *
You are more poisoned.
* * * LOW HITPOINT WARNING * * *
You feel very sick.
* * * LOW HITPOINT WARNING * * *
You feel sick.
* * * LOW HITPOINT WARNING * * *
You feel very sick.
It was a potion of might.
You feel very mighty all of a sudden.
* * * LOW HITPOINT WARNING * * *
You feel sick. Something barely misses you.
It was a potion of brilliance.
You feel clever all of a sudden.
You die...

#.#.#.## #.# #.# #.#
#...#.# #.# #.# #.#
#.###.# #.# #.# #.# #.#
#.# #.####.# #.# ###.###.#
#.....(## #.#
....#...####.......#####.#
#####.#..................#
# #...#####......####### #
##.## #...@..# # ##...##
######.# # ##.#.#.##
#...{..#
###.##.##.###.######
.......###.# ###.#####.##
......##.## #####.#.#####.
#.........#


There were no monsters in sight!

Vanquished Creatures
  A hound (D:3)
  4 orc priests (D:4)
  An orc wizard (D:3)
  Robin (D:1)
  An adder (D:3)
  2 worms
  2 dart slugs (D:1)
  3 leopard geckos
  8 orcs
  5 giant cockroaches
  20 goblins
  9 hobgoblins
  3 jackals
  A quokka (D:2)
  5 bats
  3 frilled lizards
  6 kobolds
  7 rats
82 creatures vanquished.

Notes
Turn   | Place    | Note
-------+----------+-------------------------------------------
     0 | D:1      | Darkell the Kobold Assassin began the quest for the Orb.
     0 | D:1      | Reached XP level 1. HP: 12/12 MP: 1/1
   114 | D:1      | Reached XP level 2. HP: 18/18 MP: 2/2
   544 | D:1      | Reached XP level 3. HP: 22/22 MP: 3/3
  1008 | D:2      | Noticed Robin
  1329 | D:2      | Reached XP level 4. HP: 27/27 MP: 4/4
  1361 | D:1      | Killed Robin
  1655 | D:3      | Reached XP level 5. HP: 25/32 MP: 5/5
  1830 | D:3      | Found a sacrificial altar of Ru.
  1925 | D:3      | Found a faded altar of an unknown god.
  2275 | D:4      | Reached XP level 6. HP: 15/37 MP: 6/6
  2567 | D:4      | Found a shimmering altar of Xom.
  2586 | D:4      | Found a transporter.
  2615 | D:4      | Found a transporter.
  3189 | D:4      | Found a shattered altar of Ashenzari.
  3337 | D:4      | Found a sacrificial altar of Ru.
  3341 | D:4      | Found a glowing golden altar of the Shining One.
  3446 | D:4      | Noticed Sigmund
  3465 | D:4      | HP: 1/38 [poisoned by Sigmund]
  3466 | D:4      | Succumbed to Sigmund's poison

Skill      XL: |  1  2  3  4  5  6 |
---------------+-------------------+-----
Short Blades   | 3 4 |  4.9
Dodging        | 2 3 |  3.7
Fighting       | 3 4 |  4.0
Throwing       | 3 4 |  4.0
Stealth        | |  5.3

Action                   |  1- 3 |  4- 6 || total
-------------------------+-------+-------++-------
Melee: Dagger            |   110 |   198 ||   308
 Fire: Blowgun           |       |     5 ||     5
  Use: Potion            |       |     6 ||     6
 Stab: Sleeping          |     5 |     9 ||    14
       Paralysed         |       |     1 ||     1
  Eat: Chunk             |     8 |     5 ||    13
Armor: Robe              |    17 |    29 ||    46
Dodge: Dodged            |    55 |   114 ||   169
Block: Other             |     9 |    27 ||    36
       Reflection        |       |     1 ||     1
